 Dungeon Crawl Stone Soup version 0.31-a0-1388-g4b2ba238e7 (console) character file.

Game seed: 17952996166536967033

70872 jejorda2 the Cleaver (level 15, -4/121 HPs)
             Began as a Gnoll Berserker on Dec 24, 2023.
             Was an Elder of Trog.
             Slain by Snorg (6 damage)
             ... on level 13 of the Dungeon.
             The game lasted 00:59:42 (16912 turns).

jejorda2 the Cleaver (Gnoll Berserker)             Turns: 16912, Time: 00:59:43

Health: -4/121     AC: 26    Str: 23    XL:     15   Next: 34%
Magic:  29/29      EV: 15    Int: 13    God:    Trog [****..]
Gold:   1302       SH:  0    Dex: 11    Spells: 34/34 levels left

rFire   . . .        a - +8 exec axe {freeze, freezing cloud, *Noise Fly rC+}
rCold   + . .        (shield currently unavailable)
rNeg    . . .        K - +0 plate armour
rPois   .            z - +2 helmet
rElec   .            y - +2 cloak
rCorr   .            (no gloves)
SInv    .            (no boots)
Will    +++..        m - amulet of regeneration Stlth
                     r - ring "Ywuovog" {EV+5 Int+5}
HPRegen 2.20/turn    H - +4 ring of protection
MPRegen 0.21/turn

%: no passive effects
@: strong-willed, on berserk cooldown, flying, regenerating, slowed, very slow
A: fangs 1, strong nose, distributed training
a: Renounce Religion, Berserk, Trog's Hand, Brothers in Arms


You were on level 13 of the Dungeon.
You worshipped Trog.
Trog was greatly pleased with you.
You visited 2 branches of the dungeon, and saw 18 of its levels.

You collected 1302 gold pieces.

Inventory:

Hand Weapons
 a - the +8 frozen axe "Frostbite" (weapon) {freeze, freezing cloud, *Noise Fly rC+}
   (You found it on level 12 of the Dungeon)

   rC+:       It protects you from cold.
   Fly:       It grants you flight.
   *Noise:    It may make a loud noise when swung.
 b - a +0 dire flail
 J - a +0 battleaxe
Missiles
 i - 9 poisoned darts
 k - 9 javelins (quivered)
 s - 5 silver javelins
 I - 6 boomerangs
 M - 6 darts of dispersal
Armour
 u - +0 fire dragon scales
 y - a +2 cloak (worn)
 z - a +2 helmet (worn)
 K - a +0 plate armour (worn)
Jewellery
 m - an amulet of regeneration (around neck)
 r - the ring "Ywuovog" (left hand) {EV+5 Int+5}
   (You found it on level 4 of the Dungeon)

   [ring of evasion]

   EV+5:      It affects your evasion (+5).
   Int+5:     It affects your intelligence (+5).
 t - a ring of ice
 x - a ring of see invisible
 F - a ring of resist corrosion
 H - a +4 ring of protection (right hand)
Wands
 f - a wand of flame (33)
 n - a wand of acid (4)
 w - a wand of polymorph (7)
 E - a wand of mindburst (12)
 G - a wand of paralysis (14)
Scrolls
 c - 6 scrolls of enchant armour
 e - 5 scrolls of blinking
 g - 8 scrolls of enchant weapon
 h - 3 scrolls of teleportation
 l - 2 scrolls of immolation
 p - 4 scrolls of revelation
 q - 2 scrolls of fear
 v - 2 scrolls of fog
 B - a scroll of identify
Potions
 d - 8 potions of curing
 j - 3 potions of heal wounds
 o - 2 potions of might
 A - 2 potions of attraction
 C - 2 potions of haste
 D - a potion of cancellation
Miscellaneous
 L - a lightning rod (4/4)


   Skills:
 + Level 12.2 Fighting
 + Level 10.4 Short Blades
 + Level 10.4 Long Blades
 + Level 12.2 Axes
 + Level 10.4 Maces & Flails
 + Level 10.4 Polearms
 + Level 10.4 Staves
 + Level 10.4 Ranged Weapons
 + Level 10.4 Throwing
 + Level 11.3 Armour
 + Level 11.3 Dodging
 + Level 10.4 Stealth
 + Level 10.4 Shields
 + Level 10.4 Unarmed Combat
 + Level 10.4 Spellcasting
 + Level 8.7 Conjurations
 + Level 8.7 Hexes
 + Level 8.7 Summonings
 + Level 8.7 Necromancy
 + Level 8.7 Translocations
 + Level 8.7 Fire Magic
 + Level 8.7 Ice Magic
 + Level 8.7 Air Magic
 + Level 8.7 Earth Magic
 + Level 8.7 Alchemy
 + Level 11.3 Invocations
 + Level 10.4 Evocations
 + Level 9.5 Shapeshifting


You had 34 spell levels left.
You didn't know any spells.
Your spell library was empty.

Dungeon Overview and Level Annotations

Branches:
Dungeon (13/15)            Temple (0/1) D:6            Lair (5/5) D:11
  Swamp (0/4) Lair:3       Spider (0/4) Lair:2        Slime (0/5) Lair:5
    Orc (0/2) D:9
 Vaults: D:13-14

Altars:
Ashenzari
Elyvilon
Hepliaklqana
Nemelex Xobeh
Trog
Uskayaw
Wu Jian
The Shining One

Shops:
D:7 :

Annotations:
D:5 1 runed translucent door, exclusion: door, grandjackal's ghost, novice DECj
D:10 2 transporters, bmb222's ghost, novice DsSh
D:13 Rupert; Snorg
Lair:3 3 runed translucent doors, Iluushri's ghost, journeyman DjCK


Innate Abilities, Weirdness & Mutations

You have very sharp teeth.
Your uncanny sense of smell can sniff out nearby items.
Your experience applies equally to all skills.


Message History

Snorg barely misses you. x2; Snorg misses you.
Rupert hits you with a +3 great mace of protection!!
Snorg barely misses you. Snorg claws you but does no damage.
Snorg closely misses you.
The slime creature is engulfed in freezing vapours.
The slime creature hits you.
Rupert hits you with a +3 great mace of protection!
You slice the slime creature!! You freeze the slime creature.
You kill the slime creature!
Trog accepts your kill.
You cut Snorg into ribbons!!! You freeze Snorg!! You hit Rupert.
You freeze Rupert. Snorg barely misses you. Snorg claws you! Snorg misses you.
Rupert barely misses you.
You barely miss Snorg.
Snorg is severely wounded.
You slash Rupert! You freeze Rupert.
You are no longer berserk.
You are exhausted.
You feel yourself slow down. Snorg bites you!
Snorg claws you but does no damage. Snorg completely misses you.
Rupert hits you with a +3 great mace of protection!!
Snorg bites you but does no damage. Snorg claws you!
* * * LOW HITPOINT WARNING * * *
Snorg claws you.
* * * LOW HITPOINT WARNING * * *
You are too injured to fight recklessly!
You are too injured to fight recklessly!
Unknown command.
You slash Rupert! You freeze Rupert. You bite Rupert, but do no damage.
Rupert is heavily wounded.
You barely miss Snorg.
Rupert hits you with a +3 great mace of protection!
* * * LOW HITPOINT WARNING * * *
Snorg misses you. Snorg claws you!
* * * LOW HITPOINT WARNING * * *
Snorg closely misses you.
Rupert hits you with a +3 great mace of protection!
* * * LOW HITPOINT WARNING * * *
Snorg bites you but does no damage. Snorg barely misses you. Snorg claws you.
You die...

#..........#
#..........#
#..........#
#..........#
#..........#
#..........#
+...Tâ—‹@....#
#....@../..#
#....<.....#
#..........#
############


You could see Rupert (berserk) and Snorg (berserk).

Vanquished Creatures
  Jorgrun (D:12)
  A fire dragon (Lair:5)
  Josephine (Lair:3)
  The ghost of Uveod the Nimble, a journeyman FeEE of Gozag (Lair:4)
  3 hydras
  An ogre mage (D:10)
  6 two-headed ogres
  A catoblepas (Lair:2)
  2 boulder beetles
  6 death yaks
  A fire crab (Lair:5)
  2 bog bodies
  A swamp dragon (Lair:5)
  2 ugly things
  A wolf spider (Lair:5)
  An oklob plant (Lair:1)
  3 manticores
  An ice statue (D:12)
  A torpor snail (Lair:5)
  14 black mambas
  A guardian serpent (Lair:5)
  4 elephants
  14 cane toads
  2 gargoyles
  6 rime drakes
  12 komodo dragons
  2 unseen horrors
  2 polar bears (D:12)
  2 trolls
  20 blink frogs
  3 hornets
  4 dream sheep (Lair:5)
  Sigmund (D:3)
  3 vampires
  2 shadows
  A dire elephant simulacrum (D:12)
  5 wraiths
  6 slime creatures
  12 wyverns
  12 basilisks
  A warg (D:11)
  54 yaks
  4 vampire mosquitoes
  7 steam dragons
  Menkaure (D:4)
  4 redbacks
  19 water moccasins
  2 swamp drakes (Lair:5)
  5 ogres
  3 black bears
  An ice beast (D:7)
  4 sky beasts
  3 centaurs
  28 wolves
  A phantom (D:5)
  Blork the orc (D:4)
  14 bullfrogs
  7 scorpions
  A cane toad simulacrum (D:12)
  5 wights (D:8)
  An elephant simulacrum (D:12)
  23 killer bees
  10 electric eels
  8 howler monkeys
  6 hounds
  A jelly (D:5)
  7 orc priests
  2 sleepcaps (D:6)
  4 orc wizards
  7 iguanas
  A troll simulacrum (D:12)
  A polar bear simulacrum (D:12)
  A spriggan simulacrum (D:12)
  7 adders
  A naga simulacrum (D:12)
  3 white imps (D:12)
  9 worms
  2 dart slugs
  24 orcs
  7 endoplasms
  3 giant cockroaches
  8 goblins
  7 hobgoblins
  8 jackals
  6 kobolds
  5 quokkas
  7 ball pythons
  9 bats
  4 frilled lizards
  6 rats
517 creatures vanquished.

Vanquished Creatures (collateral kills)
  A minotaur (Lair:4)
  A death yak (Lair:4)
  2 elephants (Lair:4)
  2 rime drakes (D:12)
  An ice devil (D:12)
  3 freezing wraiths (D:12)
  A slime creature (D:13)
  A yak (D:12)
12 creatures vanquished.

Vanquished Creatures (others)
  A polar bear (D:12)
  An iguana (Lair:5)
2 creatures vanquished.

Grand Total: 531 creatures vanquished

Notes
Turn   | Place    | Note
-------+----------+-------------------------------------------
     0 | D:1      | jejorda2 the Gnoll Berserker began the quest for the Orb.
     0 | D:1      | Reached XP level 1. HP: 23/23 MP: 1/1
   165 | D:1      | Reached XP level 2. HP: 27/29 MP: 2/2
   611 | D:2      | Reached XP level 3. HP: 26/35 MP: 3/3
   701 | D:2      | Found a faded altar of an unknown god.
   708 | D:2      | Reached ** piety under Trog
   749 | D:2      | Found an ornate altar of the Wu Jian Council.
   778 | D:2      | Reached skill level 1 in Invocations
   834 | D:2      | Reached skill level 1 in Short Blades
   834 | D:2      | Reached skill level 1 in Long Blades
   834 | D:2      | Reached skill level 1 in Maces & Flails
   834 | D:2      | Reached skill level 1 in Polearms
   834 | D:2      | Reached skill level 1 in Staves
   834 | D:2      | Reached skill level 1 in Ranged Weapons
   834 | D:2      | Reached skill level 1 in Throwing
   834 | D:2      | Reached skill level 1 in Stealth
   834 | D:2      | Reached skill level 1 in Shields
   834 | D:2      | Reached skill level 1 in Unarmed Combat
   834 | D:2      | Reached skill level 1 in Spellcasting
   834 | D:2      | Reached skill level 1 in Evocations
  1013 | D:2      | Reached skill level 1 in Shapeshifting
  1013 | D:2      | Reached XP level 4. HP: 36/41 MP: 5/5
  1331 | D:3      | Reached skill level 1 in Conjurations
  1331 | D:3      | Reached skill level 1 in Hexes
  1331 | D:3      | Reached skill level 1 in Summonings
  1331 | D:3      | Reached skill level 1 in Necromancy
  1331 | D:3      | Reached skill level 1 in Translocations
  1331 | D:3      | Reached skill level 1 in Fire Magic
  1331 | D:3      | Reached skill level 1 in Ice Magic
  1331 | D:3      | Reached skill level 1 in Air Magic
  1331 | D:3      | Reached skill level 1 in Earth Magic
  1331 | D:3      | Reached skill level 1 in Alchemy
  1789 | D:3      | Noticed Sigmund
  1803 | D:3      | Killed Sigmund
  1804 | D:3      | Reached skill level 5 in Armour
  1804 | D:3      | Reached skill level 5 in Dodging
  1804 | D:3      | Reached XP level 5. HP: 15/47 MP: 5/7
  1804 | D:3      | Reached XP level 6. HP: 17/53 MP: 5/8
  2262 | D:4      | Noticed Menkaure
  2267 | D:4      | Killed Menkaure
  2361 | D:4      | Identified the ring "Ywuovog" {EV+5 Int+5}
  2404 | D:4      | Reached XP level 7. HP: 58/58 MP: 10/10
  2405 | D:4      | Reached *** piety under Trog
  2419 | D:4      | Noticed Blork the orc
  2429 | D:4      | Killed Blork the orc
  2608 | D:4      | Found a glowing golden altar of the Shining One.
  2609 | D:4      | Found a hide-covered altar of Uskayaw.
  2609 | D:4      | Found a bloodstained altar of Trog.
  3122 | D:5      | Entered Level 5 of the Dungeon
  3172 | D:5      | Found a sparkling altar of Nemelex Xobeh.
  3347 | D:5      | Found a runed translucent door.
  3348 | D:5      | Noticed grandjackal's ghost (novice DECj)
  3711 | D:5      | Noticed a wraith
  3726 | D:5      | Killed a wraith
  3727 | D:5      | Reached XP level 8. HP: 67/67 MP: 12/12
  3981 | D:6      | Found a staircase to the Ecumenical Temple.
  4483 | D:7      | Reached XP level 9. HP: 73/73 MP: 14/14
  4570 | D:7      | Reached **** piety under Trog
  4703 | D:7      | Found Pukkihul's Book Shop.
  4857 | D:7      | Reached skill level 5 in Invocations
  5213 | D:8      | Reached skill level 5 in Short Blades
  5213 | D:8      | Reached skill level 5 in Long Blades
  5213 | D:8      | Reached skill level 5 in Maces & Flails
  5213 | D:8      | Reached skill level 5 in Polearms
  5213 | D:8      | Reached skill level 5 in Staves
  5213 | D:8      | Reached skill level 5 in Ranged Weapons
  5213 | D:8      | Reached skill level 5 in Throwing
  5213 | D:8      | Reached skill level 5 in Stealth
  5213 | D:8      | Reached skill level 5 in Shields
  5213 | D:8      | Reached skill level 5 in Unarmed Combat
  5213 | D:8      | Reached skill level 5 in Spellcasting
  5213 | D:8      | Reached skill level 5 in Evocations
  5213 | D:8      | Reached XP level 10. HP: 49/81 MP: 17/17
  6146 | D:9      | Noticed a gargoyle
  6159 | D:9      | Killed a gargoyle
  6224 | D:9      | Found a staircase to the Orcish Mines.
  6432 | D:9      | Reached skill level 5 in Shapeshifting
  6588 | D:9      | Found a white marble altar of Elyvilon.
  6714 | D:9      | Noticed a two-headed ogre
  6731 | D:9      | Killed a two-headed ogre
  6975 | D:10     | Entered Level 10 of the Dungeon
  6975 | D:10     | Noticed a manticore
  6983 | D:9      | Killed a manticore
  6985 | D:10     | Noticed an unseen horror
  7038 | D:10     | Noticed a two-headed ogre
  7053 | D:9      | Killed an unseen horror
  7082 | D:10     | Noticed an ogre mage
  7086 | D:9      | Killed a two-headed ogre
  7087 | D:9      | Reached skill level 5 in Conjurations
  7087 | D:9      | Reached skill level 5 in Hexes
  7087 | D:9      | Reached skill level 5 in Summonings
  7087 | D:9      | Reached skill level 5 in Necromancy
  7087 | D:9      | Reached skill level 5 in Translocations
  7087 | D:9      | Reached skill level 5 in Fire Magic
  7087 | D:9      | Reached skill level 5 in Ice Magic
  7087 | D:9      | Reached skill level 5 in Air Magic
  7087 | D:9      | Reached skill level 5 in Earth Magic
  7087 | D:9      | Reached skill level 5 in Alchemy
  7087 | D:9      | Reached XP level 11. HP: 41/89 MP: 18/20
  7173 | D:10     | Noticed a two-headed ogre
  7198 | D:9      | Killed a two-headed ogre
  7261 | D:10     | Killed an ogre mage
  7292 | D:10     | Noticed a purple ugly thing
  7306 | D:10     | Killed a purple ugly thing
  7389 | D:10     | Found a hazy altar of Hepliaklqana.
  7525 | D:10     | Noticed a two-headed ogre
  7536 | D:10     | Killed a two-headed ogre
  7610 | D:10     | Found a broken altar of Ashenzari.
  7663 | D:10     | Found a transporter.
  7667 | D:10     | Noticed bmb222's ghost (novice DsSh)
  7668 | D:10     | Noticed a moth of wrath
  7683 | D:10     | Found a transporter.
  7901 | D:11     | Noticed a white ugly thing
  7909 | D:11     | Killed a white ugly thing
  8030 | D:11     | Noticed a boulder beetle
  8046 | D:11     | Killed a boulder beetle
  8063 | D:11     | Found a staircase to the Lair.
  8705 | Lair:1   | Entered Level 1 of the Lair of Beasts
  8719 | D:11     | Reached XP level 12. HP: 85/97 MP: 22/22
  8901 | D:11     | Upgraded the game from 0.31-a0-1370-gf52a5a9ab3 to
                  | 0.31-a0-1388-g4b2ba238e7
  9197 | Lair:1   | Reached skill level 10 in Fighting
  9197 | Lair:1   | Reached skill level 10 in Axes
  9867 | Lair:2   | Noticed an eight-headed hydra
  9876 | Lair:2   | Killed an eight-headed hydra
  9965 | Lair:2   | Found a hole to the Spider Nest.
 10014 | Lair:2   | Noticed a four-headed hydra
 10021 | Lair:2   | Killed a four-headed hydra
 10213 | Lair:2   | Noticed a catoblepas
 10232 | Lair:2   | Killed a catoblepas
 10522 | Lair:2   | Reached XP level 13. HP: 104/104 MP: 25/25
 11210 | Lair:3   | Noticed Josephine
 11243 | Lair:3   | Killed Josephine
 11449 | Lair:3   | Found a staircase to the Swamp.
 11475 | Lair:3   | Found a runed translucent gate.
 11475 | Lair:3   | Found a runed translucent gate.
 11475 | Lair:3   | Found a runed translucent gate.
 11502 | Lair:3   | Noticed Iluushri's ghost (journeyman DjCK)
 12252 | Lair:4   | Noticed a minotaur
 12252 | Lair:4   | Noticed Uveod's ghost (journeyman FeEE)
 12300 | Lair:4   | Found a runed translucent gate.
 12300 | Lair:4   | Found a runed translucent gate.
 12300 | Lair:4   | Found a runed translucent gate.
 12375 | Lair:4   | Reached skill level 10 in Armour
 12375 | Lair:4   | Reached skill level 10 in Dodging
 12544 | Lair:4   | Reached ***** piety under Trog
 12809 | Lair:4   | Killed a minotaur
 12889 | Lair:4   | Killed Uveod's ghost
 12895 | Lair:4   | Identified the +5 ring mail of Nuirphy {rN+ Int+4 Stlth-}
 12967 | Lair:5   | Entered Level 5 of the Lair of Beasts
 12980 | Lair:5   | Reached XP level 14. HP: 113/113 MP: 27/27
 13016 | Lair:4   | Reached skill level 10 in Invocations
 14640 | Lair:5   | Reached skill level 10 in Short Blades
 14640 | Lair:5   | Reached skill level 10 in Long Blades
 14640 | Lair:5   | Reached skill level 10 in Maces & Flails
 14640 | Lair:5   | Reached skill level 10 in Polearms
 14640 | Lair:5   | Reached skill level 10 in Staves
 14640 | Lair:5   | Reached skill level 10 in Ranged Weapons
 14640 | Lair:5   | Reached skill level 10 in Throwing
 14640 | Lair:5   | Reached skill level 10 in Stealth
 14640 | Lair:5   | Reached skill level 10 in Shields
 14640 | Lair:5   | Reached skill level 10 in Unarmed Combat
 14640 | Lair:5   | Reached skill level 10 in Spellcasting
 14640 | Lair:5   | Reached skill level 10 in Evocations
 14684 | Lair:5   | Identified the +5 chain mail of Cheibriados's Delight {Harm
                  | rC- rN+++ Int+2}
 14812 | Lair:5   | Found a staircase to the Slime Pits.
 15065 | Lair:5   | Identified the +9 mace of Toty Vewn {elec, rCorr}
 15075 | Lair:5   | Reached XP level 15. HP: 90/120 MP: 29/29
 16367 | D:12     | Noticed Jorgrun
 16388 | D:12     | Killed Jorgrun
 16704 | D:12     | Found the +8 frozen axe "Frostbite" {freeze, freezing
                  | cloud, *Noise Fly rC+}
 16900 | D:13     | Noticed Snorg
 16900 | D:13     | Noticed Rupert
 16912 | D:13     | HP: 2/121 [Rupert/+3 great mace of protection (7)]
 16912 | D:13     | Slain by Snorg

Illustrated notes

Levels and vault maps discovered:
D:1:      spicycebolla_arrival_xxxplode, layout_basic
D:2:      layout_rooms, basic_altar, shapermc_ecumenical_altar_pompeii,
          minivault_25, minmay_pentomino_x2
D:3:      minmay_wonky_spiral, layout_loops_corners,
          chequers_serial_rivers_micro_b, uniq_sigmund
D:4:      layout_basic, chequers_temple_overflow_statue_of_worship,
          uniq_blork_the_orc, uniq_menkaure
D:5:      layout_gridville, nemelex_xobeh_ov_fountains_minmay,
          ebering_ghost_sewer_d
D:6:      layout_cave_pools, minmay_temple_entry_purple_smoke
D:7:      layout_rooms, serial_shops, shop, dreamdust_princess_corridor,
          chequers_serial_rivers_small_b
D:8:      layout_cave_pods, hangedman_misty_isle
D:9:      layout_basic, nicolae_elyvilon_peaceful_grove, orc_0_dummy,
          serial_aquarium, aquarium_bridge_square [aquarium_subvault_window,
          aquarium_subvault_window, aquarium_subvault_wall,
          aquarium_subvault_bridge], aquarium_window_corridor_3,
          aquarium_window_2, aquarium_view_2d, aquarium_view_2g,
          kennysheep_decorative_pillar, minivault_1
D:10:     layout_big_octagon, mainiacjoe_overflow_brackets, marbit_many_paths,
          gammafunk_ghost_berserking_beasts, serial_bayou_lagoon_b
D:11:     layout_roguey, erik_lair_orcish_takeover
D:12:     dreamdust_isle_of_ice, layout_irregular_city, st_stairs_8,
          hellmonk_guarded_unrand_frostbite, uniq_jorgrun
D:13:     layout_roguey [special_room_bee],
          hangedman_vaults_entry_quadrant_bands, lemuel_old_faithful,
          uniq_nessos, uniq_snorg, uniq_rupert
Lair:1:   layout_hall_layers, st_stairs_13, nicolae_lair_lil_pond, pond
Lair:2:   layout_chaotic_city, nicolae_spider_entry_non_spiders,
          grunt_megastairs_4
Lair:3:   layout_regular_city, skrybe_swamp_entry_bodies,
          gammafunk_ghost_necromancy, serial_bayou_pond_d, st_stairs_6,
          kennysheep_basilisk_garden, uniq_josephine
Lair:4:   layout_misc_corridors, maelrawn_ghost_gauntlet_escape
Lair:5:   hangedman_lair_tendril_chambers, layout_gridlike,
          guppyfry_lair_end_dragon, slime_entry_1

Skill      XL: |  1  2  3  4  5  6  7  8  9 10 11 12 13 14 15 |
---------------+----------------------------------------------+-----
Invocations    | 1 2 3 4 5 6 7 8 9 10 11 | 11.3
Short Blades   | 1 2 3 5 6 7 8 9 10 | 10.4
Long Blades    | 1 2 3 5 6 7 8 9 10 | 10.4
Maces & Flails | 1 2 3 5 6 7 8 9 10 | 10.4
Polearms       | 1 2 3 5 6 7 8 9 10 | 10.4
Staves         | 1 2 3 5 6 7 8 9 10 | 10.4
Ranged Weapons | 1 2 3 5 6 7 8 9 10 | 10.4
Throwing       | 1 2 3 5 6 7 8 9 10 | 10.4
Stealth        | 1 2 3 5 6 7 8 9 10 | 10.4
Shields        | 1 2 3 5 6 7 8 9 10 | 10.4
Unarmed Combat | 1 2 3 5 6 7 8 9 10 | 10.4
Spellcasting   | 1 2 3 5 6 7 8 9 10 | 10.4
Evocations     | 1 2 3 5 6 7 8 9 10 | 10.4
Shapeshifting  | 1 2 3 4 5 6 7 8 9 |  9.5
Conjurations   | 1 2 3 4 5 6 7 8 |  8.7
Hexes          | 1 2 3 4 5 6 7 8 |  8.7
Summonings     | 1 2 3 4 5 6 7 8 |  8.7
Necromancy     | 1 2 3 4 5 6 7 8 |  8.7
Translocations | 1 2 3 4 5 6 7 8 |  8.7
Fire Magic     | 1 2 3 4 5 6 7 8 |  8.7
Ice Magic      | 1 2 3 4 5 6 7 8 |  8.7
Air Magic      | 1 2 3 4 5 6 7 8 |  8.7
Earth Magic    | 1 2 3 4 5 6 7 8 |  8.7
Alchemy        | 1 2 3 4 5 6 7 8 |  8.7
Armour         | 5 6 7 8 9 10 11 | 11.3
Dodging        | 5 6 7 8 9 10 11 | 11.3
Fighting       | 7 8 9 10 11 12 | 12.2
Axes           | 7 8 9 10 11 12 | 12.2

Action                     |  1- 3 |  4- 6 |  7- 9 | 10-12 | 13-15 || total
---------------------------+-------+-------+-------+-------+-------++-------
  Melee: Hand axe          |   111 |    55 |    22 |       |       ||   188
         Bite              |     7 |     4 |    14 |    56 |   131 ||   212
         Punch             |     2 |     3 |       |     9 |    41 ||    55
         Long sword        |       |    49 |   154 |       |       ||   203
         Morningstar       |       |       |    33 |   417 |   672 ||  1122
         War axe           |       |       |       |    83 |       ||    83
         Battleaxe         |       |       |       |    48 |   201 ||   249
         Dire flail        |       |       |       |       |   176 ||   176
         Executioner's axe |       |       |       |       |    14 ||    14
  Throw: Javelin           |       |       |     2 |     7 |     6 ||    15
         Dart              |       |       |       |    40 |    70 ||   110
         Boomerang         |       |       |       |       |     4 ||     4
 Invoke: Berserk           |     1 |       |     5 |    21 |    24 ||    51
         Trog's Hand       |       |     1 |       |     7 |    14 ||    22
         Brothers in Arms  |       |       |       |       |     5 ||     5
  Evoke: Wand              |       |       |       |    12 |    10 ||    22
    Use: Scroll            |       |       |    15 |     9 |     3 ||    27
         Potion            |       |       |       |     1 |     6 ||     7
   Stab: Sleeping          |     1 |       |       |       |       ||     1
 Armour: Animal skin       |    16 |       |       |       |       ||    16
         Ring mail         |    50 |    51 |    17 |       |       ||   118
         Chain mail        |       |       |   141 |   500 |   254 ||   895
         Plate armour      |       |       |       |       |   677 ||   677
  Dodge: Dodged            |    67 |    57 |   175 |   557 |   960 ||  1816
  Block: Buckler           |       |     2 |    52 |   143 |       ||   197

Table legend: (Time is in decaauts)
 A = Elapsed time spent in this place.
 B = Non-inter-level travel time spent in this place.
 C = Inter-level travel time spent in this place.
 D = Time resting spent in this place.
 E = Time spent auto-exploring this place.
 F = Levels seen in this place.
 G = Mean time per level.
                   A        B        C        D        E       F      G
               +--------+--------+--------+--------+--------+-----+--------+
         Total |  17565 |  16720 |    845 |   1763 |  10490 |  18 |  975.8 |
       Dungeon |  10704 |  10203 |    501 |    826 |   7183 |  13 |  823.4 |
          Lair |   6861 |   6517 |    344 |    936 |   3306 |   5 | 1372.2 |
               +--------+--------+--------+--------+--------+-----+--------+

Top non-repeatable levels by time:
  Lair:5: 2142 daAuts
  Lair:4: 1422 daAuts
    D:12: 1349 daAuts
     D:9: 1284 daAuts
    D:11: 1208 daAuts
  Lair:3: 1178 daAuts
  Lair:2: 1101 daAuts
     D:3: 1054 daAuts
  Lair:1: 1016 daAuts
     D:8: 1008 daAuts
     D:4: 919 daAuts
     D:5: 771 daAuts
     D:6: 654 daAuts
    D:10: 653 daAuts
     D:7: 604 daAuts
